 Dungeon Crawl Stone Soup version 0.30-a0-358-g0d69a1922f (webtiles) character file.

Game seed: 11919030808785407428

22118 Ijustatesigmund the Thaumaturge (level 12, 0/71 HPs)
             Began as a Deep Elf Necromancer on Nov 11, 2022.
             Was a Follower of Makhleb.
             Slain by a deep elf knight
             ... wielding a +0 scimitar
              (12 damage)
             ... on level 13 of the Dungeon.
             The game lasted 00:54:40 (18683 turns).

Ijustatesigmund the Thaumaturge (DENe)             Turns: 18683, Time: 00:54:41

Health: 0/71       AC: 11    Str: 19    XL:     12   Next: 60%
Magic:  18/33      EV: 20    Int: 35    God:    Makhleb [*.....]
Gold:   2566       SH:  0    Dex: 15    Spells: 19/37 levels left

rFire   + + .      SeeInvis .    A - +4 morningstar of Trial by Ordeal {pain, Int+5}
rCold   . . .      Faith    .    (no shield)
rNeg    + . .      Spirit   .    I - +1 troll leather armour
rPois   +          Reflect  .    l - +1 helmet
rElec   .          Harm     .    (no cloak)
rCorr   .          Rampage  .    z - +1 pair of gloves "Raddodd" {Str+8 Slay+3}
Will    +....                    (no boots)
Stlth   ++........               O - amulet of the acrobat
HPRegen 1.11/turn                P - ring "Zuhot" {rPois rN+ Str+6 Int+4}
MPRegen 0.23/turn                J - ring of Yrohiuhi {rPois rF++ EV+4}

@: about to teleport, invisible
A: talons 1, iridescent scales 1, high MP 1, evolution 1
a: Renounce Religion


You were on level 13 of the Dungeon.
You worshipped Makhleb.
Makhleb was aware of your devotion.
You visited 1 branch of the dungeon, and saw 13 of its levels.
You also visited: Trove.

You collected 2692 gold pieces.
You spent 126 gold pieces at shops.

Inventory:

Hand Weapons
 x - a +5 vorpal battleaxe
 A - the +4 morningstar of Trial by Ordeal (weapon) {pain, Int+5}
   (You found it on level 7 of the Dungeon)

   In the hands of one skilled in necromantic magic, it inflicts extra damage on
   living creatures.
   Int:       It affects your intelligence (+5).
Missiles
 t - a throwing net
 R - 4 curare-tipped darts (quivered)
Armour
 a - the +2 robe of the Jackalope {rElec SInv}
   (You found it on level 12 of the Dungeon)

   rElec:     It insulates you from electricity.
   SInv:      It lets you see invisible.
 g - +0 acid dragon scales
 l - a +1 helmet (worn)
 z - the +1 pair of gloves "Raddodd" (worn) {Str+8 Slay+3}
   (You acquired it on level 7 of the Dungeon)

   Str:       It affects your strength (+8).
   Slay:      It affects your accuracy & damage with ranged weapons and melee
   (+3).
 I - a +1 troll leather armour (worn)
 L - the +1 pair of boots of Maagil {*Corrode rElec Will+++ Str-2}
   (You found it in a treasure trove)

   Str:       It affects your strength (-2).
   rElec:     It insulates you from electricity.
   *Corrode:  It may corrode you when you take damage.
   Will:      It greatly increases your willpower.
 Q - a +1 pair of gloves of dexterity
Jewellery
 b - a ring of willpower
 s - a ring of ice
 y - the ring of the Voivode {rC+ rN+ Int+3}
   (You acquired it on level 7 of the Dungeon)

   [ring of positive energy]

   Int:       It affects your intelligence (+3).
   rC:        It protects you from cold.
   rN:        It protects you from negative energy.
 G - a ring of flight
 J - the ring of Yrohiuhi (right hand) {rPois rF++ EV+4}
   (You found it in a treasure trove)

   [ring of evasion]

   EV:        It affects your evasion (+4).
   rF:        It greatly protects you from fire.
   rPois:     It protects you from poison.
 K - the ring "Zingoll" {rC+ Dex+2 SInv}
   (You found it in a treasure trove)

   [ring of see invisible]

   Dex:       It affects your dexterity (+2).
   rC:        It protects you from cold.
   SInv:      It lets you see invisible.
 O - an amulet of the acrobat (around neck)
 P - the ring "Zuhot" (left hand) {rPois rN+ Str+6 Int+4}
   (You found it in a treasure trove)

   [ring of strength]

   Str:       It affects your strength (+6).
   Int:       It affects your intelligence (+4).
   rPois:     It protects you from poison.
   rN:        It protects you from negative energy.
 S - a +6 ring of dexterity
Wands
 w - a wand of flame (20)
 C - a wand of polymorph (3)
 D - a wand of iceblast (2)
Scrolls
 e - a scroll of summoning
 k - 5 scrolls of immolation
 o - 5 scrolls of teleportation
 p - a scroll of blinking
 r - a scroll of fog
 u - 3 scrolls of amnesia
 B - 4 scrolls of enchant armour
 M - a scroll of noise {unknown}
 N - a scroll of enchant weapon
Potions
 c - 3 potions of heal wounds
 d - a potion of cancellation
 f - 2 potions of might
 h - a potion of invisibility
 i - a potion of ambrosia
 j - 8 potions of curing
 m - a potion of mutation
 n - 3 potions of lignification
 q - 2 potions of brilliance
 v - a potion of flight
 E - 3 potions of attraction
 F - a potion of haste
 H - a potion of resistance {unknown}


   Skills:
 - Level 6.3 Fighting
 - Level 2.0 Armour
 - Level 8.5 Dodging
 - Level 4.0 Stealth
 - Level 13.0 Spellcasting
 - Level 5.8 Conjurations
 - Level 10.3 Necromancy
 + Level 5.4 Fire Magic
 - Level 5.0 Earth Magic
 + Level 10.7 Invocations
 - Level 3.5 Evocations


You had 19 spell levels left.
You knew the following spells:

 Your Spells              Type           Power      Damage    Failure   Level
a - Necrotise             Necr           100%       1d9       1%          1
b - Vampiric Draining     Necr           76%        2d11      1%          3
c - Stone Arrow           Conj/Erth      100%       3d13      1%          3
d - Agony                 Necr           76%        N/A       1%          5
e - Starburst             Conj/Fire      29%        6d9       32%         6

Your spell library contained the following spells:

 Spells                   Type           Power      Damage    Failure   Level
 Sandblast                Erth           100%       2d20      1%          1
 Cigotuvi's Dreadful Rot  Necr/Pois/Air  92%        N/A       1%          2
 Passwall                 Tmut/Erth      33%        N/A       1%          2
 Static Discharge         Conj/Air       86%        2-6/arc   1%          2
 Dazzling Flash           Conj/Hex       86%        N/A       1%          3
 Animate Dead             Necr           76%        N/A       1%          4
 Beastly Appendage        Tmut           44%        N/A       2%          1
 Poisonous Vapours        Pois/Air       44%        N/A       3%          2
 Wereblood                Tmut           22%        N/A       3%          2
 Mephitic Cloud           Conj/Pois/Air  36%        N/A       3%          3
 Spider Form              Tmut/Pois      22%        N/A       6%          3
 Vhi's Electric Charge    Tloc/Air       44%        N/A       6%          3
 Iskenderun's Mystic Bla  Conj/Tloc      43%        2d10      6%          4
 Arcjolt                  Conj/Air       21%        1d31      19%         5
 Lightning Bolt           Conj/Air       21%        1d36      19%         5


Dungeon Overview and Level Annotations

Branches:
Dungeon (13/15)            Temple (0/1) D:7            Lair (0/5) D:8
    Orc (0/2) D:12
 Vaults: D:13-14

Altars:
Cheibriados
Elyvilon
Gozag
Hepliaklqana
Makhleb
Nemelex Xobeh
Okawaru
Qazlal
Ru
Sif Muna
Trog
Uskayaw
Yredelemnul
The Shining One

Shops:
D:2 ?

Annotations:
D:4 1 runed translucent door, Elric's ghost, amateur MfFi
D:7 3 runed translucent doors, exclusion: oklob sapling, Elric's ghost, amateur MfGl
D:13 Rupert; Urug


Innate Abilities, Weirdness & Mutations

You have sharp toenails.
You are partially covered in iridescent scales. (AC +2)
You have an increased reservoir of magic. (+10% MP)
You have hidden genetic potential.


Message History

Press: ? - help, Shift-Dir - straight line, f - deep elf zephyrmancer
Aim: a deep elf zephyrmancer, wielding a +0 long sword and wearing a +0 ring mail (heavily wounded, 72% to hit)
The stone arrow hits something!!
Something hits you.
* * * LOW HITPOINT WARNING * * *
Something hits you but does no damage.
You feel much better. Something hits you! Something completely misses you.
Something hits you!!
* * * LOW HITPOINT WARNING * * *
The deep elf zephyrmancer casts a spell.
The deep elf zephyrmancer blinks!
Unknown command.
You feel much better. Something barely misses you.
You fade into invisibility!
Something hits you but does no damage. Something hits you.
Found a stone staircase leading up.
Casting: Stone Arrow (safe; 1% risk of failure)
Confirm with . or Enter, or press ? or * to list all spells.
Aiming: Vampiric Draining (safe; 1% risk of failure)
Press: ? - help, Shift-Dir - straight line, f/p - deep elf zephyrmancer
Aim: a deep elf zephyrmancer, wielding a +0 long sword and wearing a +0 ring mail (heavily wounded, unable to see you)
You draw life force from the deep elf zephyrmancer!
You feel life coursing into your body. Something closely misses you.
The deep elf zephyrmancer points at you and mumbles some strange words.
The bolt of lightning misses you. Something hits you!!
* * * LOW HITPOINT WARNING * * *
You hear a shout! x4
Casting: Vampiric Draining (safe; 1% risk of failure)
Confirm with . or Enter, or press ? or * to list all spells.
Aiming: Vampiric Draining (safe; 1% risk of failure)
Press: ? - help, Shift-Dir - straight line, f/p - deep elf zephyrmancer
Aim: a deep elf zephyrmancer, wielding a +0 long sword and wearing a +0 ring mail (severely wounded, unable to see you)
You draw life force from the deep elf zephyrmancer!!
You kill the deep elf zephyrmancer!
Makhleb accepts your kill.
You feel life coursing into your body. Something hits you but does no damage.
As you read the scroll of teleportation, it crumbles to dust.
You feel strangely unstable. Something hits you!
* * * LOW HITPOINT WARNING * * *
Something hits you!
You die...

~~ #.........
.......................
...c......~.~.........
..............#'###..
..........~~. ..## ..
......~..~#. ..##
...###.....~..... ....
.............# .......
<......@.....# ........
.....#...)){....###........ ....
#...##................
#######..########................
#.....#..#.....##................
#..#.##..##.#..##............#...
#.#.#.#..#.#.#.######........#...
#..##.#..#.##..#...##............
#.#..........#.#...........>.....


You could see a centaur warrior (wandering, unable to see you).

Vanquished Creatures
  An ogre mage (D:13)
  5 two-headed ogres
  A skeletal warrior (D:13)
  Lodul (D:13)
  An orc knight (D:13)
  2 ugly things
  3 deep elf zephyrmancers (D:13)
  4 cyclopes
  A manticore (D:12)
  A deep elf pyromancer (D:12)
  An unseen horror (D:12)
  3 centaur skeletons (D:13)
  A gargoyle (D:12)
  2 komodo dragons
  6 trolls
  Sigmund (D:2)
  3 shadows (D:11)
  2 wyverns
  A vampire (D:9)
  10 yaks
  A wraith (D:7)
  A fire bat (shapeshifter) (D:13)
  A steam dragon (D:9)
  14 vampire mosquitoes
  2 acid dragons
  2 water moccasins
  2 black bears
  2 orc warriors
  11 ogres
  A wolf (D:7)
  A phantom (D:7)
  A kobold brigand (D:9)
  A gnoll sergeant (D:9)
  3 bullfrogs
  A necrophage (D:8)
  2 scorpions
  10 wights
  4 killer bees
  6 electric eels
  6 howler monkeys
  14 hounds
  2 jellies
  2 gnoll boudas
  6 orc priests
  3 iguanas (D:5)
  14 orc wizards
  Robin (D:3)
  9 gnolls
  10 adders
  A shadow imp (D:6)
  A white imp (D:6)
  3 dart slugs
  35 orcs
  6 ball pythons
  5 bats
  8 endoplasms
  2 giant cockroaches
  16 goblins
  13 hobgoblins
  2 jackals (D:1)
  15 kobolds
  4 quokkas
  3 frilled lizards
  2 rats
299 creatures vanquished.

Vanquished Creatures (collateral kills)
  An adder (D:2)
  An orc (D:4)
  A goblin (D:3)
  2 hobgoblins
  A bat (D:1)
  A kobold (D:2)
  A rat (D:1)
8 creatures vanquished.

Vanquished Creatures (others)
  An ogre (D:13)
  17 plants
18 creatures vanquished.

Grand Total: 325 creatures vanquished

Notes
Turn   | Place    | Note
-------+----------+-------------------------------------------
     0 | D:1      | Ijustatesigmund the Deep Elf Necromancer began the quest
                  | for the Orb.
     0 | D:1      | Reached XP level 1. HP: 10/10 MP: 6/6
   189 | D:1      | Reached skill level 5 in Necromancy
   232 | D:1      | Reached XP level 2. HP: 16/16 MP: 4/8
   475 | D:1      | Reached skill level 1 in Fighting
   475 | D:1      | Reached XP level 3. HP: 20/20 MP: 6/10
   479 | D:1      | Learned a level 3 spell: Vampiric Draining
   796 | D:1      | Found a faded altar of an unknown god.
  1196 | D:2      | Reached skill level 4 in Spellcasting
  1300 | D:2      | Reached XP level 4. HP: 13/25 MP: 12/12
  1661 | D:2      | Noticed Sigmund
  1763 | D:3      | Noticed Robin
  1788 | D:3      | Killed Robin
  2654 | D:4      | Noticed a black bear
  2660 | D:4      | Killed a black bear
  2661 | D:4      | Reached skill level 5 in Spellcasting
  2661 | D:4      | Reached XP level 5. HP: 16/31 MP: 3/14
  2762 | D:4      | Reached XP level 6. HP: 36/36 MP: 8/16
  3374 | D:2      | Killed Sigmund
  3375 | D:2      | Reached skill level 6 in Spellcasting
  3532 | D:2      | Found Legung's Magic Scroll Shoppe.
  3540 | D:2      | Bought a scroll of teleportation for 42 gold pieces
  3540 | D:2      | Bought a scroll of fear for 56 gold pieces
  3540 | D:2      | Bought a scroll of identify for 28 gold pieces
  3808 | D:4      | Found an iron altar of Okawaru.
  3867 | D:4      | Reached XP level 7. HP: 41/41 MP: 11/18
  3994 | D:4      | Learned a level 3 spell: Stone Arrow
  4019 | D:4      | Found a runed translucent door.
  4130 | D:4      | Identified the +1 leather armour "Hoeqischy" {Str+2}
  4294 | D:4      | Reached skill level 1 in Conjurations
  4294 | D:4      | Reached skill level 1 in Earth Magic
  4740 | D:4      | Noticed Elric's ghost (amateur MfFi)
  4773 | D:5      | Entered Level 5 of the Dungeon
  5487 | D:5      | Noticed a komodo dragon
  5523 | D:5      | Killed a komodo dragon
  5524 | D:5      | Reached XP level 8. HP: 46/46 MP: 6/19
  5689 | D:5      | Reached skill level 5 in Conjurations
  5818 | D:5      | Reached skill level 5 in Earth Magic
  6407 | D:5      | Found a snail-covered altar of Cheibriados.
  6583 | D:5      | Gained mutation: Your mind is acute. (Int +4, Str/Dex -1)
                  | [potion of mutation]
  6583 | D:5      | Gained mutation: Your spells are a little easier to cast,
                  | but a little less powerful. [potion of mutation]
  6584 | D:5      | Lost mutation: Your mind is acute. (Int +4, Str/Dex -1)
                  | [potion of mutation]
  6584 | D:5      | Lost mutation: Your spells are a little easier to cast, but
                  | a little less powerful. [potion of mutation]
  6584 | D:5      | Gained mutation: You are partially covered in iridescent
                  | scales. (AC +2) [potion of mutation]
  6584 | D:5      | Gained mutation: You have hidden genetic potential. [potion
                  | of mutation]
  6732 | D:6      | Found a sparkling altar of Nemelex Xobeh.
  6966 | D:6      | Reached skill level 7 in Spellcasting
  7740 | D:6      | Learned a level 5 spell: Agony
  7855 | D:6      | Found a burning altar of Makhleb.
  7950 | D:6      | Reached XP level 9. HP: 41/52 MP: 21/21
  8040 | D:6      | Noticed a cyclops
  8159 | D:6      | Killed a cyclops
  8166 | D:6      | Gained mutation: You have great hidden genetic potential.
                  | [hidden potential]
  8987 | D:7      | Found a bloodstained altar of Trog.
  8992 | D:7      | Found a shimmering blue altar of Sif Muna.
  8992 | D:7      | Found an opulent altar of Gozag.
  9291 | D:7      | Found a runed translucent gate.
  9291 | D:7      | Found a runed translucent gate.
  9291 | D:7      | Found a runed translucent gate.
  9292 | D:7      | Noticed Elric's ghost (amateur MfGl)
  9402 | D:7      | Found a staircase to the Ecumenical Temple.
  9404 | D:7      | Identified 3 scrolls of acquirement
  9404 | D:7      | Acquired 711 gold pieces
  9405 | D:7      | Acquired the +1 pair of gloves "Raddodd" {Str+8 Slay+3}
  9406 | D:7      | Acquired the ring of the Voivode {rC+ rN+ Int+3}
  9495 | D:6      | Became a worshipper of Makhleb the Destroyer
  9701 | D:7      | Found a stormy altar of Qazlal.
  9707 | D:7      | Identified the +4 morningstar of Trial by Ordeal {pain,
                  | Int+5}
 10033 | D:8      | Reached skill level 1 in Invocations
 10117 | D:8      | Found a glowing golden altar of the Shining One.
 10165 | D:8      | Reached skill level 8 in Spellcasting
 10307 | D:8      | Reached XP level 10. HP: 38/58 MP: 10/24
 10473 | D:8      | Reached skill level 5 in Fighting
 10648 | D:8      | Noticed a two-headed ogre
 10676 | D:7      | Gained mutation: You have an increased reservoir of magic.
                  | (+10% MP) [hidden potential]
 10676 | D:7      | Lost mutation: You have great hidden genetic potential.
                  | [hidden potential expressed]
 10735 | D:7      | Reached skill level 9 in Spellcasting
 10846 | D:7      | Killed a two-headed ogre
 11130 | D:8      | Reached skill level 5 in Invocations
 11188 | D:8      | Found a staircase to the Lair.
 11342 | D:8      | Found a hazy altar of Hepliaklqana.
 11505 | D:8      | Reached * piety under Makhleb
 11778 | D:9      | Reached skill level 10 in Spellcasting
 12069 | D:9      | Reached skill level 1 in Evocations
 12079 | D:9      | Reached skill level 1 in Armour
 12465 | D:9      | Found a sacrificial altar of Ru.
 12883 | D:10     | Entered Level 10 of the Dungeon
 12907 | D:10     | Reached XP level 11. HP: 60/64 MP: 10/30
 13017 | D:10     | Found a hide-covered altar of Uskayaw.
 13040 | D:10     | Found a basalt altar of Yredelemnul.
 13192 | D:10     | Noticed a two-headed ogre
 13196 | D:10     | Killed a two-headed ogre
 13484 | D:10     | Reached ** piety under Makhleb
 13853 | D:10     | Found a white marble altar of Elyvilon.
 14469 | D:11     | Found a portal to a secret trove of treasure.
 14482 | Trove    | Entered a treasure trove
 14492 | Trove    | Identified the ring of Yrohiuhi {rPois rF++ EV+4}
 14496 | Trove    | Identified the ring "Zingoll" {rC+ Dex+2 SInv}
 14498 | Trove    | Identified the +1 pair of boots of Maagil {*Corrode rElec
                  | Will+++ Str-2}
 14512 | Trove    | Identified the ring "Zuhot" {rPois rN+ Str+6 Int+4}
 14613 | D:11     | Reached skill level 11 in Spellcasting
 14755 | D:11     | Noticed a red ugly thing
 14766 | D:11     | Killed a red ugly thing
 15616 | D:12     | Noticed a two-headed ogre
 15621 | D:12     | Killed a two-headed ogre
 15842 | D:12     | Noticed a deep elf pyromancer
 15875 | D:12     | Killed a deep elf pyromancer
 16008 | D:12     | Noticed a two-headed ogre
 16011 | D:12     | Killed a two-headed ogre
 16015 | D:12     | Reached skill level 12 in Spellcasting
 16564 | D:12     | Found a staircase to the Orcish Mines.
 16746 | D:12     | Identified the +2 robe of the Jackalope {rElec SInv}
 17131 | D:13     | Noticed Lodul
 17155 | D:13     | Killed Lodul
 17156 | D:13     | Reached XP level 12. HP: 47/71 MP: 17/33
 17162 | D:13     | Reached skill level 10 in Necromancy
 17211 | D:13     | Gained mutation: You have sharp toenails. [hidden
                  | potential]
 17345 | D:13     | Noticed a centaur warrior
 17351 | D:13     | Noticed a centaur warrior
 17368 | D:13     | Noticed Urug
 17369 | D:13     | Noticed a centaur warrior
 17376 | D:13     | Noticed a two-headed ogre
 17385 | D:13     | Noticed Rupert
 17466 | D:13     | Reached skill level 13 in Spellcasting
 17510 | D:13     | Learned a level 6 spell: Starburst
 17533 | D:13     | Reached skill level 1 in Fire Magic
 17742 | D:13     | Noticed a two-headed ogre
 17756 | D:13     | Killed a two-headed ogre
 18262 | D:13     | Reached skill level 10 in Invocations
 18668 | D:13     | Noticed an ogre mage
 18674 | D:13     | Killed an ogre mage
 18675 | D:13     | Reached skill level 5 in Fire Magic
 18683 | D:13     | Slain by a deep elf knight

Illustrated notes

Levels and vault maps discovered:
D:1:      psy_arrival_basics, layout_loops_cross,
          hellmonk_ecumenical_altar_blasted, chequers_serial_rivers_micro_d
D:2:      layout_basic, serial_shops, shop, minmay_strange_pillars,
          chequers_avenue, uniq_sigmund
D:3:      layout_loops_cross, kennysheep_generic_room_6, uniq_robin
D:4:      cheibrodos_pilgrimage, layout_basic, okawaru_trees_2,
          ebering_ghost_reflecting_pool
D:5:      layout_loops_ring, mainiacjoe_overflow_surrounded_room,
          minmay_quadrilaterals
D:6:      cheibrodos_two_vegetables, layout_layer_cave,
          mainiacjoe_overflow_boulevard, bloody_makhleb, minivault_23,
          kennysheep_windowed_goal
D:7:      layout_basic, lemuel_round_altar, grunt_temple_overflow_open,
          minmay_temple_entry_oklob, ebering_ghost_rock_garden
D:8:      layout_rooms, lemuel_coloured_pillars_altar,
          nicolae_hepliaklqana_hazy_memory, erik_lair_island,
          chequers_serial_rivers_small_b, minmay_between
D:9:      layout_loops_cross, mainiacjoe_overflow_concentric_impassable
D:10:     layout_loops_corners, nicolae_uskayaw_suspiria, elyvilon_altar_5,
          mainiacjoe_overflow_alcove_1, dk_noncrumbling_3
D:11:     layout_basic, serial_co_window_serial, co_window_paths_b,
          co_window_corner_a, co_window_corner_a, co_window_corner_a,
          co_window_paths_a, co_window_corner_a, co_window_paths_a,
          co_window_cross_3, co_window_broadway_b, co_window_broadway_c,
          glass_columns_c, glass_columns_c, glass_columns_b, glass_columns_a,
          glass_columns_b, nicolae_trove_entry_isolated
D:12:     layout_roguey, orc_0_dummy
D:13:     layout_basic, hangedman_vaults_entry_quadrant_bands, uniq_urug,
          uniq_lodul, uniq_rupert

Skill      XL: |  1  2  3  4  5  6  7  8  9 10 11 12 |
---------------+-------------------------------------+-----
Necromancy     | 5 6 7 9 10 | 10.3
Fighting       | 1 2 3 4 6 |  6.3
Spellcasting   | 4 5 6 7 8 10 12 13 | 13.0
Conjurations   | 4 5 |  5.8
Earth Magic    | 4 5 |  5.0
Dodging        | 3 8 |  8.5
Invocations    | 3 6 8 10 | 10.7
Stealth        | 4 |  4.0
Evocations     | 2 3 |  3.5
Armour         | 1 2 |  2.0
Fire Magic     | 5 |  5.4

Action                   |  1- 3 |  4- 6 |  7- 9 | 10-12 || total
-------------------------+-------+-------+-------+-------++-------
Melee: Dagger            |    53 |    39 |    20 |       ||   112
       Battleaxe         |       |       |    41 |    74 ||   115
       Morningstar       |       |       |       |   104 ||   104
       Punch             |       |       |       |     2 ||     2
       Kick              |       |       |       |     5 ||     5
Throw: Dart              |       |       |       |     3 ||     3
 Cast: Necrotise         |    30 |    40 |   115 |    38 ||   223
       Vampiric Draining |       |    14 |    61 |    93 ||   168
       Stone Arrow       |       |       |    34 |   148 ||   182
       Agony             |       |       |       |     1 ||     1
Evoke: Wand              |       |       |     3 |    10 ||    13
  Use: Scroll            |     5 |     5 |    12 |    16 ||    38
       Potion            |       |     2 |     3 |    11 ||    16
 Stab: Sleeping          |     3 |     1 |     2 |     1 ||     7
       Invisible         |       |       |       |     3 ||     3
Armor: Robe              |    13 |    12 |    22 |    50 ||    97
       Troll leather arm |       |       |       |    45 ||    45
Dodge: Dodged            |    48 |    35 |    88 |   428 ||   599

Table legend: (Time is in decaauts)
 A = Elapsed time spent in this place.
 B = Non-inter-level travel time spent in this place.
 C = Inter-level travel time spent in this place.
 D = Time resting spent in this place.
 E = Time spent auto-exploring this place.
 F = Levels seen in this place.
 G = Mean time per level.
                   A        B        C        D        E       F      G
               +--------+--------+--------+--------+--------+-----+--------+
         Total |  18895 |  18109 |    786 |   5974 |   9650 |  14 | 1349.6 |
       Dungeon |  18843 |  18057 |    786 |   5974 |   9645 |  13 | 1449.5 |
         Trove |     51 |     51 |      0 |      0 |      5 |   1 |   51.0 |
               +--------+--------+--------+--------+--------+-----+--------+

Top non-repeatable levels by time:
     D:6: 2409 daAuts
     D:5: 1867 daAuts
    D:13: 1757 daAuts
     D:7: 1643 daAuts
    D:11: 1431 daAuts
    D:12: 1387 daAuts
     D:4: 1353 daAuts
     D:9: 1257 daAuts
    D:10: 1222 daAuts
     D:2: 1214 daAuts
     D:1: 1178 daAuts
     D:3: 1114 daAuts
     D:8: 1006 daAuts
   Trove: 51 daAuts
